 Dungeon Crawl Stone Soup version 0.30-a0-779-g7971cf19c3 (webtiles) character file.

Game seed: 9973771148381761643

103 Dittersdorf the Trooper (level 4, -3/29 HPs)
             Began as a Gargoyle Fighter on Feb 17, 2023.
             Slain by a worm (5 damage)
             ... on level 4 of the Dungeon.
             The game lasted 00:03:15 (2717 turns).

Dittersdorf the Trooper (Gargoyle Fighter)          Turns: 2717, Time: 00:03:16

Health: -3/29      AC: 13    Str: 22    XL:     4   Next: 79%
Magic:  4/4        EV:  7    Int:  8    God:
Gold:   186        SH:  9    Dex:  6    Spells: 3/3 levels left

rFire   . . .      SeeInvis .    a - +0 flail (freeze)
rCold   . . .      Faith    .    c - +0 buckler
rNeg    + . .      Spirit   .    e - +0 chain mail
rPois   ∞          Reflect  +    (no helmet)
rElec   +          Harm     .    (no cloak)
rCorr   .          Rampage  +    (no gloves)
Will    +....                    (no boots) Stlth
                                 i - amulet "Divy" {Reflect Rampage +Inv rElec Dex-3 SH+5}
HPRegen 0.24/turn                t - ring of willpower
MPRegen 0.09/turn                (no ring)

@: no status effects
A: sickness immunity, AC +3, negative energy resistance 1, electricity
resistance, torment resistance 1, petrification resistance
a: Evoke Invisibility


You were on level 4 of the Dungeon.
You visited 1 branch of the dungeon, and saw 4 of its levels.

You collected 186 gold pieces.

Inventory:

Hand Weapons
 a - a +0 flail of freezing (weapon)
Missiles
 h - 2 poisoned darts (quivered)
Armour
 c - a +0 buckler (worn)
 e - a +0 chain mail (worn)
 l - a +0 plate armour
Jewellery
 i - the amulet "Divy" (around neck) {Reflect Rampage +Inv rElec Dex-3 SH+5}
   (You acquired it on level 4 of the Dungeon)

   [amulet of reflection]

   It reflects blocked missile attacks.
   Dex:       It affects your dexterity (-3).
   rElec:     It insulates you from electricity.
   +Inv:      It lets you turn invisible.
   SH:        It affects your SH (+5).
   Rampage:   It bestows one free step when moving towards enemies.
 t - a ring of willpower (left hand)
Scrolls
 u - a scroll of teleportation
Potions
 b - a potion of lignification {unknown}
 d - a potion of might
 f - 5 potions of curing
 j - 2 potions of flight {unknown}
 n - a potion of heal wounds
 o - 2 potions of degeneration {unknown}
 q - a potion of magic
 r - a potion of haste
 s - 2 potions of brilliance


   Skills:
 + Level 4.1 Fighting
 + Level 2.8 Maces & Flails
 + Level 4.0 Armour
 + Level 4.1 Shields


You had 3 spell levels left.
You didn't know any spells.
Your spell library contained the following spells:

 Spells                   Type           Power      Damage    Failure   Level
 Slow                     Hex            0%         N/A       99%         1
 Confusing Touch          Hex            0%         N/A       100%        3
 Ignite Poison            Fire/Tmut/Pois 0%         N/A       100%        3
 Vampiric Draining        Necr           0%         2d6       100%        3
 Sticky Flame             Conj/Fire      0%         2d3       100%        4
 Ignition                 Fire           0%         3d3       100%        8


Dungeon Overview and Level Annotations

Branches:
Dungeon (4/15)
 Temple: D:4-7

Altars:
Ashenzari
Kikubaaqudgha
Nemelex Xobeh


Innate Abilities, Weirdness & Mutations

You are immune to sickness and miasma.
Your stone body is resilient. (AC +3)
You are immune to poison.
You resist negative energy. (rN+)
You are resistant to electric shocks. (rElec)
You are resistant to unholy torment.
You are immune to petrification.


Message History

An orc comes into view. It is wielding a +0 mace.
The orc hits you but does no damage. The orc barely misses you.
You barely miss the adder.
The adder is lightly wounded.
The adder bites you but does no damage. The orc hits you but does no damage.
The orc closely misses you.
You barely miss the adder.
The adder is lightly wounded.
The adder bites you. The orc hits you but does no damage.
You block the orc's attack.
You barely miss the adder.
The adder is lightly wounded.
The adder is no longer moving slowly.
The orc hits you but does no damage. The orc hits you with a +0 whip.
The adder bites you but does no damage. You block the orc's attack.
The orc hits you but does no damage. The adder barely misses you.
You are too injured to fight recklessly!
You are too injured to fight recklessly!
You are too injured to fight recklessly!
You are too injured to fight recklessly!
You are too injured to fight recklessly!
You are too injured to fight recklessly!
You are too injured to fight recklessly!
You are too injured to fight recklessly!
You are too injured to fight recklessly!
You are too injured to fight recklessly!
You are too injured to fight recklessly!
You are too injured to fight recklessly!
You are too injured to fight recklessly!
You are too injured to fight recklessly!
You are too injured to fight recklessly!
A worm comes into view.
There is a stone staircase leading down here.
The adder attacks as you move away! The adder bites you but does no damage.
The adder bites you. The worm bites you!
* * * LOW HITPOINT WARNING * * *
The adder attacks as you move away! The adder bites you but does no damage.
The worm bites you.
You die...

#. #.# ####### #.#
#<....# #.# #.###.# #.#
#.# #.# ######.######.#
#.# .........SS@..###.#
###...>..w.......#######
#...o#########.........
#.##o######.<..)######.
#.##o..).##.#.#.#
#.....g......#.#...#
.......o....)..#...#
#.##.######........# #.
#...##..##


You could see a worm, 2 adders and an orc.

Vanquished Creatures
  An orc wizard (D:3)
  An adder (D:3)
  A worm (D:3)
  A dart slug (D:2)
  4 orcs
  5 ball pythons
  3 bats
  3 endoplasms (D:1)
  2 giant cockroaches (D:1)
  2 goblins
  6 hobgoblins
  8 jackals (D:1)
  4 quokkas
  4 frilled lizards (D:1)
  5 kobolds
  4 rats
54 creatures vanquished.

Vanquished Creatures (others)
  A fungus (D:3)
  A plant (D:3)
2 creatures vanquished.

Grand Total: 56 creatures vanquished

Notes
Turn   | Place    | Note
-------+----------+-------------------------------------------
     0 | D:1      | Dittersdorf the Gargoyle Fighter began the quest for the
                  | Orb.
     0 | D:1      | Reached XP level 1. HP: 14/14 MP: 1/1
    94 | D:1      | Reached XP level 2. HP: 11/19 MP: 2/2
   444 | D:1      | Reached XP level 3. HP: 23/23 MP: 3/3
  1572 | D:3      | Reached XP level 4. HP: 29/29 MP: 4/4
  2010 | D:3      | Found an ancient bone altar of Kikubaaqudgha.
  2133 | D:3      | Found a sparkling altar of Nemelex Xobeh.
  2180 | D:3      | Found a broken altar of Ashenzari.
  2358 | D:3      | Found a faded altar of an unknown god.
  2647 | D:4      | Identified a scroll of acquirement
  2647 | D:4      | Acquired the amulet "Divy" {Reflect Rampage +Inv rElec
                  | Dex-3 SH+5}
  2717 | D:4      | Slain by a worm

Illustrated notes

Levels and vault maps discovered:
D:1:      dpeg_arrival_rhombi, layout_loops_cross,
          wander_ebering_terrifying_dragon_lair
D:2:      wad_lake_hut, layout_rooms
D:3:      layout_loops_ring, ashenzari_conservatory_becter,
          mainiacjoe_overflow_24_doors, nemelex_diamond_rough_becter,
          dreamdust_ecumenical_altar_hidden_monk_grotto
D:4:      layout_loops_ring

Skill      XL: |  1  2  3  4 |
---------------+-------------+-----
Fighting       | 4 |  4.1
Armour         | 4 |  4.0
Shields        | 4 |  4.1
Maces & Flails | |  2.8

Action                     |  1- 3 |  4- 6 || total
---------------------------+-------+-------++-------
  Melee: Flail             |   149 |    62 ||   211
    Use: Scroll            |       |     9 ||     9
 Armour: Scale mail        |    12 |       ||    12
         Chain mail        |   101 |    54 ||   155
  Dodge: Dodged            |    78 |    20 ||    98
  Block: Buckler           |    45 |    21 ||    66

Table legend: (Time is in decaauts)
 A = Elapsed time spent in this place.
 B = Non-inter-level travel time spent in this place.
 C = Inter-level travel time spent in this place.
 D = Time resting spent in this place.
 E = Time spent auto-exploring this place.
 F = Levels seen in this place.
 G = Mean time per level.
                   A        B        C        D        E       F      G
               +--------+--------+--------+--------+--------+-----+--------+
         Total |   2819 |   2641 |    178 |    282 |   1820 |   4 |  704.8 |
       Dungeon |   2819 |   2641 |    178 |    282 |   1820 |   4 |  704.8 |
               +--------+--------+--------+--------+--------+-----+--------+

Top non-repeatable levels by time:
     D:3: 1050 daAuts
     D:1: 907 daAuts
     D:2: 729 daAuts
     D:4: 131 daAuts
